 Dungeon Crawl Stone Soup version 0.30-a0-165-g1891117ce2 (webtiles) character file.

Game seed: 7605343291596656843

1226 qw the Cleaver (level 8, -3/49 HPs)
             Began as a Gargoyle Fighter on Sept 28, 2022.
             Slain by an orc warrior
             ... wielding a +0 dire flail
              (8 damage)
             ... on level 7 of the Dungeon.
             The game lasted 00:02:05 (6201 turns).

qw the Cleaver (Gargoyle Fighter)                   Turns: 6201, Time: 00:02:06

Health: -3/49      AC: 21    Str: 22    XL:     8   Next: 47%
Magic:  8/8        EV:  6    Int:  9    God:
Gold:   308        SH:  4    Dex:  9    Spells: 7/7 levels left

rFire   . . .      SeeInvis +    Y - +1 war axe
rCold   . . .      Faith    .    c - +0 buckler
rNeg    + . .      Spirit   .    r - +0 plate armour
rPois   inf        Reflect  .    p - +2 helmet
rElec   +          Harm     .    (no cloak)
rCorr   .          Rampage  .    i - +0 pair of gloves
Will    +....                    (no boots)
Stlth   ..........               (no amulet)
HPRegen 0.16/turn                k - ring of see invisible
MPRegen 0.11/turn                a - ring of willpower

@: about to teleport
A: sickness immunity, AC +5, negative energy resistance 1, electricity
resistance, torment resistance 1, petrification resistance
a: no special abilities


You were on level 7 of the Dungeon.
You visited 1 branch of the dungeon, and saw 7 of its levels.

You collected 308 gold pieces.


Innate Abilities, Weirdness & Mutations

You are immune to sickness and miasma.
Your stone body is resilient. (AC +5)
You are immune to poison.
You resist negative energy. (rN+)
You are resistant to electric shocks. (rElec)
You are resistant to unholy torment.
You are immune to petrification.


   Skills:
 - Level 5.2 Fighting
 - Level 8.2 Axes
 - Level 1.1 Throwing
 + Level 3.2 Armour
 - Level 1.6 Dodging
 - Level 3.2 Shields


You had 7 spell levels left.
You didn't know any spells.
Your spell library was empty.

Inventory:

Hand Weapons
 t - a +0 morningstar
 Y - a +1 war axe (weapon)
Missiles
 q - 3 boomerangs (quivered)
Armour
 c - a +0 buckler (worn)
 i - a +0 pair of gloves (worn)
 p - a +2 helmet (worn)
 r - a +0 plate armour (worn)
Jewellery
 a - a ring of willpower (right hand)
 k - a ring of see invisible (left hand)
 s - a ring of see invisible
Scrolls
 h - 3 scrolls of identify
Potions
 d - a potion of might
 e - a potion of attraction
 f - a potion of cancellation
 g - a potion of curing
 j - a potion of resistance
 l - a potion of haste
 m - a potion of lignification

Dungeon Overview and Level Annotations

Branches:
Dungeon (7/15)
 Temple: D:4-7

Altars:
Cheibriados

Shops:
D:6 :


Message History

The orc warrior hits you but does no damage.
The orc hits you from afar with a +0 trident.
The orc warrior hits you but does no damage.
The orc hits you but does no damage.
You barely miss the orc warrior.
The orc warrior is moderately wounded.
The orc closely misses you.
The orc warrior hits you with a +0 dire flail!
You hit the orc warrior.
The orc warrior is heavily wounded.
The orc warrior hits you with a +0 dire flail.
The orc barely misses you.
You hit the orc warrior but do no damage.
The orc warrior is heavily wounded.
The orc warrior hits you but does no damage.
The orc hits you but does no damage.
You closely miss the orc warrior.
The orc warrior is heavily wounded.
The orc warrior barely misses you. The orc hits you but does no damage.
You hit the orc warrior.
The orc warrior is severely wounded.
The orc warrior hits you but does no damage.
The orc hits you but does no damage.
You barely miss the orc warrior.
The orc warrior is severely wounded.
The orc warrior hits you but does no damage.
The orc hits you but does no damage.
You closely miss the orc warrior.
The orc warrior is heavily wounded.
The orc warrior hits you with a +0 dire flail!
The orc hits you from afar with a +0 trident.
6200 ||| READING scroll of teleportation.
As you read the scroll of teleportation, it crumbles to dust.
You feel strangely unstable.
The orc warrior hits you with a +0 dire flail.
You block the orc's attack.
You closely miss the orc warrior.
The orc warrior is heavily wounded.
The orc warrior hits you with a +0 dire flail!
You die...

# ###o######.###
#..oo@<......#
....#o########..
. .. ... .##


You could see an orc warrior and 3 orcs.

Vanquished Creatures
  An ice beast (D:5)
  4 ogres
  2 phantoms
  Blork the orc (D:4)
  3 scorpions
  A howler monkey (D:6)
  A jelly (D:5)
  An orc priest (D:6)
  Jessica (D:3)
  3 orc wizards (D:6)
  3 gnolls (D:3)
  5 adders
  5 worms
  A dart slug (D:1)
  19 orcs
  8 endoplasms
  4 giant cockroaches
  7 goblins
  6 hobgoblins
  4 quokkas
  9 ball pythons
  9 bats
  6 frilled lizards
  8 kobolds
  4 rats
116 creatures vanquished.

Vanquished Creatures (others)
  2 plants (D:4)
2 creatures vanquished.

Grand Total: 118 creatures vanquished

Notes
Turn   | Place    | Note
-------+----------+-------------------------------------------
     0 | D:1      | qw the Gargoyle Fighter began the quest for the Orb.
     0 | D:1      | Reached XP level 1. HP: 14/14 MP: 1/1
     0 | D:1      | 0 ||| qw: Version: 0.2-a-12-gaebbb33
     0 | D:1      | 0 ||| qw: Game counter: 899
     0 | D:1      | 0 ||| qw: Always use a shield: true
     0 | D:1      | 0 ||| qw: God list: Okawaru
     0 | D:1      | 0 ||| qw: Allow faded altars: false
     0 | D:1      | 0 ||| qw: Do Orc after D:15 true
     0 | D:1      | 0 ||| qw: Do second Lair branch before Depths: true
     0 | D:1      | 0 ||| qw: Lair rune preference: random
     0 | D:1      | 0 ||| qw: Plans: Normal, Zot:1-4, God:TSO, Crypt, Tomb,
                  | Pan, Slime:5, Hells, Abyss, Orb
     0 | D:1      | 0 ||| PLANNING D:1-11
    61 | D:1      | Reached skill level 2 in Axes
    70 | D:1      | 70 ||| Stepping ~*~*~tactically~*~*~ (stealth).
   183 | D:1      | Reached XP level 2. HP: 19/19 MP: 2/2
   442 | D:1      | Reached skill level 3 in Axes
   470 | D:1      | Reached XP level 3. HP: 23/23 MP: 3/3
   528 | D:1      | Found a faded altar of an unknown god.
   621 | D:1      | 621 ||| UPGRADING to +0 pair of gloves.
   626 | D:1      | 626 ||| UPGRADING to ring of see invisible.
   627 | D:1      | 627 ||| READING scroll labelled BAJAJOVVED.
   628 | D:1      | 628 ||| READING scroll labelled WIEGGA WIST.
   670 | D:2      | 670 ||| Stepping ~*~*~tactically~*~*~ (stealth).
   776 | D:2      | 776 ||| Stepping ~*~*~tactically~*~*~ (stealth).
  1739 | D:2      | 1739 ||| UPGRADING to ring of willpower.
  1740 | D:2      | 1740 ||| READING scroll labelled QOCA HEWKOUSS.
  1741 | D:2      | 1741 ||| READING 3 scrolls labelled CENKAL FANE.
  1842 | D:2      | 1842 ||| READING scroll labelled BALERA CYSCH.
  1843 | D:2      | 1843 ||| DROPPING 2 scrolls of silence.
  1856 | D:3      | 1856 ||| STAIRDANCE
  1863 | D:2      | Reached XP level 4. HP: 27/28 MP: 4/4
  1881 | D:3      | 1881 ||| STAIRDANCE
  2136 | D:3      | Reached skill level 4 in Axes
  2533 | D:3      | Reached XP level 5. HP: 29/32 MP: 5/5
  2564 | D:3      | 2564 ||| DROPPING +0 whip.
  2687 | D:3      | Noticed Jessica
  2698 | D:3      | Killed Jessica
  3064 | D:3      | 3064 ||| READING scroll labelled ZUSMENUL CUBYOPN.
  3065 | D:3      | 3065 ||| READING scroll labelled HARUNY HAJYE.
  3069 | D:3      | 3069 ||| DRINKING 2 smoky white potions.
  3070 | D:3      | 3070 ||| DRINKING 2 cyan potions.
  3071 | D:3      | 3071 ||| READING 3 scrolls of identify.
  3071 | D:3      | 3071 ||| IDENTIFYING murky red potion
  3072 | D:3      | 3072 ||| READING 2 scrolls of identify.
  3072 | D:3      | 3072 ||| IDENTIFYING fuming red potion
  3073 | D:3      | 3073 ||| DROPPING potion of flight.
  3193 | D:4      | Reached skill level 5 in Axes
  3229 | D:4      | Noticed Blork the orc
  3230 | D:4      | 3230 ||| Stepping ~*~*~tactically~*~*~ (hiding).
  3237 | D:4      | Killed Blork the orc
  3238 | D:4      | Reached XP level 6. HP: 34/38 MP: 6/6
  3279 | D:4      | 3279 ||| Stepping ~*~*~tactically~*~*~ (stealth).
  3281 | D:4      | 3281 ||| Stepping ~*~*~tactically~*~*~ (stealth).
  3289 | D:4      | 3289 ||| Stepping ~*~*~tactically~*~*~ (stealth).
  3417 | D:4      | 3417 ||| Stepping ~*~*~tactically~*~*~ (stealth).
  3426 | D:4      | Reached skill level 1 in Dodging
  3428 | D:4      | HP: 6/38 [ogre/+0 giant club (12)]
  3429 | D:4      | 3429 ||| DRINKING potion of heal wounds.
  3453 | D:4      | 3453 ||| FLEEEEING.
  3454 | D:4      | 3454 ||| FLEEEEING.
  3455 | D:4      | 3455 ||| FLEEEEING.
  3456 | D:4      | 3456 ||| FLEEEEING.
  3457 | D:4      | 3457 ||| FLEEEEING.
  3458 | D:4      | 3458 ||| FLEEEEING.
  3459 | D:4      | 3459 ||| FLEEEEING.
  3460 | D:4      | 3460 ||| FLEEEEING.
  3466 | D:4      | 3466 ||| FLEEEEING.
  3548 | D:4      | 3548 ||| FLEEEEING.
  3549 | D:4      | 3549 ||| STAIRDANCE
  3627 | D:3      | 3627 ||| UPGRADING to +2 helmet.
  3632 | D:3      | 3632 ||| READING scroll labelled LEFROTW ME KOEMN.
  3633 | D:3      | 3633 ||| READING scroll labelled TOEFEGR GESM.
  3634 | D:3      | 3634 ||| READING 2 scrolls of identify.
  3634 | D:3      | 3634 ||| IDENTIFYING lumpy amethyst potion
  3654 | D:4      | 3654 ||| Stepping ~*~*~tactically~*~*~ (stealth).
  3940 | D:4      | 3940 ||| READING scroll labelled AMPAMN MEEFE.
  3941 | D:4      | 3941 ||| READING 5 scrolls of identify.
  3941 | D:4      | 3941 ||| IDENTIFYING lumpy orange potion
  3942 | D:4      | 3942 ||| READING 4 scrolls of identify.
  3942 | D:4      | 3942 ||| IDENTIFYING lumpy coppery potion
  3943 | D:4      | 3943 ||| DROPPING potion of magic.
  3948 | D:5      | Entered Level 5 of the Dungeon
  3994 | D:5      | Reached skill level 6 in Axes
  3994 | D:5      | Reached XP level 7. HP: 43/43 MP: 7/7
  4537 | D:5      | Reached skill level 7 in Axes
  4737 | D:5      | Found a snail-covered altar of Cheibriados.
  5188 | D:5      | 5188 ||| READING 5 scrolls of identify.
  5188 | D:5      | 5188 ||| IDENTIFYING silvery potion
  5189 | D:5      | 5189 ||| READING 4 scrolls of identify.
  5189 | D:5      | 5189 ||| IDENTIFYING white potion
  5281 | D:6      | Reached XP level 8. HP: 46/49 MP: 8/8
  5371 | D:6      | 5371 ||| Stepping ~*~*~tactically~*~*~ (hiding).
  5409 | D:6      | 5409 ||| Stepping ~*~*~tactically~*~*~ (stealth).
  5426 | D:6      | 5426 ||| Stepping ~*~*~tactically~*~*~ (stealth).
  5504 | D:6      | Reached skill level 1 in Throwing
  5642 | D:6      | 5642 ||| Stepping ~*~*~tactically~*~*~ (stealth).
  5682 | D:6      | Found Fyc Tysm's Book Shoppe.
  5825 | D:6      | 5825 ||| Stepping ~*~*~tactically~*~*~ (hiding).
  5942 | D:6      | 5942 ||| DROPPING +0 flail.
  6008 | D:6      | Reached skill level 8 in Axes
  6146 | D:6      | 6146 ||| UPGRADING to +0 plate armour.
  6156 | D:6      | 6156 ||| DROPPING +0 scale mail.
  6199 | D:7      | HP: 11/49 [orc/+0 trident (5)]
  6200 | D:7      | 6200 ||| READING scroll of teleportation.
  6200 | D:7      | HP: 5/49 [orc warrior/+0 dire flail (6)]
  6201 | D:7      | Slain by an orc warrior

Levels and vault maps discovered:
D:1:      matt_arrival_refuge, layout_rooms,
          chequers_ecumenical_altar_simple_redux
D:2:      layout_loops_corners, uniq_crazy_yiuf_cottage
D:3:      layout_basic, kennysheep_cross_room, uniq_jessica
D:4:      layout_rooms, serial_bayou_pond_a, uniq_blork_the_orc
D:5:      layout_cave_pods, old_standard_altar, minmay_misc_feat_doors
D:6:      layout_basic, serial_shops, nicolae_lakefront_shop
D:7:      layout_loops_ring, mainiacjoe_overflow_alcove_1,
          minmay_temple_entry_water_ring, gammafunk_ghost_arena

Skill      XL: |  1  2  3  4  5  6  7  8 |
---------------+-------------------------+-----
Axes           | 2 3 4 5 6 7 8 |  8.2
Fighting       | 4 5 |  5.2
Dodging        | 1 |  1.6
Throwing       | 1 |  1.1
Armour         | |  3.2
Shields        | |  3.2

Action                   |  1- 3 |  4- 6 |  7- 9 || total
-------------------------+-------+-------+-------++-------
Melee: War axe           |   132 |   137 |   117 ||   386
Throw: Boomerang         |       |       |    16 ||    16
  Use: Scroll            |     5 |    10 |     3 ||    18
       Potion            |       |     3 |       ||     3
Armor: Scale mail        |    69 |    52 |    39 ||   160
       Plate armour      |       |       |    14 ||    14
Dodge: Dodged            |    83 |    49 |    32 ||   164
Block: Buckler           |    34 |    19 |    17 ||    70

Table legend:
 A = Non-vault XP
 B = Vault XP
 C = Vault XP percentage of total XP
 D = Non-vault monster count
 E = Vault monster count
 F = Vault count percentage of total count
                 A         B        C        D         E       F
            +---------+---------+-------+---------+---------+-------
      Total |    1621 |     131 |   7.5 |     114 |       2 |   1.7
            +---------+---------+-------+---------+---------+-------
        D:1 |      37 |       0 |   0.0 |      23 |       0 |   0.0
        D:2 |      44 |       0 |   0.0 |      20 |       0 |   0.0
        D:3 |      93 |      37 |  28.5 |      25 |       1 |   3.8
        D:4 |     270 |      94 |  25.8 |      21 |       1 |   4.5
        D:5 |     493 |       0 |   0.0 |       6 |       0 |   0.0
        D:6 |     684 |       0 |   0.0 |      19 |       0 |   0.0
            +---------+---------+-------+---------+---------+-------
